 Dungeon Crawl Stone Soup version 0.19.1-1-g22dce08 (webtiles) character file.

91 ponk the Ruffian (level 4, 0/38 HPs)
             Began as a Ghoul Monk on Jan 19, 2017.
             Slain by a jackal (1 damage)
             ... on level 3 of the Dungeon.
             The game lasted 00:03:42 (1572 turns).

ponk the Ruffian (Ghoul Monk)                       Turns: 1572, Time: 00:03:42

Health: 0/38       AC:  2    Str: 13 (14) XL:     4   Next: 57%
Magic:  12/12      EV: 12    Int:  5      God:
Gold:   123        SH:  0    Dex: 10 (12) Spells: 0 memorised, 3 levels left

rFire  . . .     SeeInvis .       - Unarmed
rCold  + . .     Gourm    .     a - +0 robe
rNeg   + + +     Faith    .     (no shield)
rPois  ∞         Spirit   .     (no helmet)
rElec  .         Reflect  .     (no cloak)
rCorr  .         Harm     .     (no gloves)
MR     .....                    (no boots)
Stlth  ++........               (no amulet)
                                (no ring)
                                d - ring of magical power

@: rotting
A: rotting body, claws 1, carnivore 3, cold resistance 1, negative energy
resistance 3, slow regeneration 1, torment resistance, unbreathing
a: no special abilities


You were on level 3 of the Dungeon.
You were not hungry.

You visited 1 branch of the dungeon, and saw 3 of its levels.
You also visited: Sewer.

You collected 123 gold pieces.

Inventory:

Armour
 a - a +0 robe (worn)
Jewellery
 d - a ring of magical power (left claw)
Scrolls
 e - a scroll of immolation {unknown}
 g - a scroll of enchant weapon {unknown}
 h - 2 scrolls of teleportation {unknown}
 i - 2 scrolls of identify {unknown}
 m - a scroll of noise {unknown}
Potions
 n - a potion of might {unknown}
Comestibles
 b - 5 meat rations
 j - a royal jelly
 l - 2 beef jerkies


   Skills:
 - Level 3.4 Fighting
 - Level 3.0 Dodging
 - Level 2.3 Stealth
 + Level 5.3 Unarmed Combat


You had 3 spell levels left.
You didn't know any spells.

Dungeon Overview and Level Annotations

Branches:
Dungeon (3/15)

Altars:
The Shining One


Innate Abilities, Weirdness & Mutations

Your body is rotting away.
You thrive on raw meat.
You are immune to poison.
You have sharp fingernails.
You are carnivorous and can eat meat at any time.
Your flesh is cold resistant. (rC+)
You are immune to negative energy. (rN+++)
You regenerate slowly when monsters are visible.
You are immune to unholy pain and torment.
You can survive without breathing.


Message History

Your body decomposes!
You feel weakened.
Your body decomposes!
You feel clumsy.
Your body decomposes!
You feel clumsy.
Apogee's ghost hits you but does no damage.
The jackal bites you.
* * * LOW HITPOINT WARNING * * *
The kobold hits you with a short sword.
* * * LOW HITPOINT WARNING * * *
Apogee's ghost gestures at you while chanting.
The magic dart hits you!
* * * LOW HITPOINT WARNING * * *
Welcome back to the Dungeon!
There is a collapsed entrance here.
You scratch the jackal.
The jackal is moderately wounded.
The jackal bites you.
You die...

...#.# ##.#.#####.#
#.#........
#..######.##########
##.## ##≈≈≈≈≈≈≈##
#..# #≈#######≈#
##.## #.#≈##≈≈≈.#.#
#..# #.#≈#≈###≈#≈#
###.####.#≈#≈#@#.#≈#
#....)...#≈#≈#h#≈#≈#
#.##.###.#.#≈##K##≈#
#.#......#≈#≈#####≈#
# #..###.#≈##...≈≈##
#......##.#######
#........÷.########
###..#..#..........
#..#.....#######.


You could see a jackal and a kobold.

Vanquished Creatures
  A river rat (D:3)
  4 adders
  2 worms
  A dart slug (D:1)
  3 orcs (D:3)
  A ball python (D:1)
  3 giant cockroaches (D:3)
  6 goblins
  4 hobgoblins
  2 bats (D:1)
  A frilled lizard (D:1)
  4 kobolds
  3 rats
35 creatures vanquished.

Notes
Turn   | Place    | Note
-------+----------+-------------------------------------------
     0 | D:1      | ponk the Ghoul Monk began the quest for the Orb.
     0 | D:1      | Reached XP level 1. HP: 19/19 MP: 0/0
   382 | D:1      | Reached XP level 2. HP: 26/26 MP: 1/1
   923 | D:1      | Found a glowing golden altar of the Shining One.
   966 | D:2      | Reached skill level 4 in Unarmed Combat
   966 | D:2      | Reached XP level 3. HP: 24/31 MP: 2/2
  1400 | D:3      | Reached XP level 4. HP: 30/38 MP: 3/3
  1460 | D:3      | Reached skill level 5 in Unarmed Combat
  1554 | D:3      | Found a glowing drain.
  1558 | Sewer    | Entered a sewer
  1558 | Sewer    | Noticed Apogee's ghost (amateur DsWz)
  1570 | Sewer    | HP: 1/38 [Apogee's ghost/magic dart (2)]
  1572 | D:3      | Slain by a jackal

Skill      XL: |  1  2  3  4 |
---------------+-------------+-----
Dodging        | 3 |  3.0
Unarmed Combat | 4 5 |  5.3
Fighting       | |  3.4
Stealth        | |  2.3

Action                   |  1- 3 |  4- 6 || total
-------------------------+-------+-------++-------
Melee: Unarmed           |    83 |    51 ||   134
       Punch             |     1 |     2 ||     3
  Use: Scroll            |     1 |       ||     1
       Potion            |       |     2 ||     2
 Stab: Sleeping          |     6 |       ||     6
       Distracted        |     1 |       ||     1
  Eat: Chunk             |    15 |    13 ||    28
Armor: Robe              |    10 |     4 ||    14
Dodge: Dodged            |    43 |    26 ||    69
